AoeStats
← kekek

Runestones

507500783Analyzed
1v1 RM · 13d ago on Sep 18, 2026· 35m 21s· 2 players
Game mode
Random Map
Map size
Tiny (2 player)
Population
200
Speed
Normal
Resources
Standard
Victory
Conquest
Starting age
Dark Age
Ending age
Imperial Age
RankedLock teamsTeams togetherTeam positionsShared explorationLock speedFull tech treeHidden civsTurbo modeCheats
Victory
Defeat
🇻🇳 Byzantines · Vietnam
1017
+15
🇷🇺 Bulgarians · Russia
1000
-15
Paul_Atreides
10:45 Feudal Age
9:02 Loom
13:44 Scale Mail Armor
17:29 Fletching
17:50 Forging
19:15 Arson
26:22 Castle Age
24:20 Stone Mining
25:35 Padded Archer Armor
27:43 Double-Bit Axe
28:58 Scale Barding Armor
32:10 Bodkin Arrow
kekek
6:26 Loom
9:35 Feudal Age
10:02 Double-Bit Axe
9:54 Man-at-Arms
16:37 Horse Collar
22:48 Fletching
26:52 Castle Age
25:46 Padded Archer Armor
26:55 Gold Mining
26:56 Stone Mining
27:54 Bodkin Arrow
28:09 Scale Barding Armor
28:31 Thumb Ring
28:50 Forging
28:52 Husbandry
29:25 Bow Saw
29:20 Heavy Plow
31:21 Chain Barding Armor
32:41 Iron Casting
Connection lost

Rejoining the realm…

Still unreachable

The connection could not be restored.

Session expired

The server has moved on; the page needs a fresh start.